[Event "Team 45 45 League T43"]
[Site "Internet Chess Club"]
[Date "2009.11.28"]
[Round "5"]
[White "MeoPatacca"]
[Black "Kravier"]
[Result "1-0"]
[WhiteElo "1884"]
[BlackElo "1674"]
[Opening "Queen's pawn"]
[ECO "A40"]
[Time "17:39:16"]
[TimeControl "2700+45"]

1. d4 c6 2. Bf4 d5 3. e3 Bf5 4. Bd3 Bg6 5. c4 e6 6. Nc3 Bb4 7. Bxg6 Bxc3+ 8.
bxc3 hxg6 9. c5 Qa5 10. Qb3 b6 11. cxb6 axb6 12. Ne2 Nd7 13. O-O Ngf6 14. Rfb1
Ne4 15. Qc2 O-O 16. f3 Nef6 17. c4 Rfc8 18. Qb3 c5 19. cxd5 exd5 20. Nc3 c4 21.
Qb4 Qxb4 22. Rxb4 Ra3 23. Nb5 Rd3 24. a4 Nh5 25. Ra2 Nxf4 26. exf4 Rd1+ 27. Kf2
Rh1 28. h3 Rc1 29. Rbb2 Rc6 30. Rc2 Rxc2+ 31. Rxc2 Nf6 32. Nc3 Kf8 33. Re2 Re6
34. Re5 Ke7 35. g4 Kd6 36. g5 Nd7 37. Rxd5+ Kc6 38. f5 Rd6 39. Rxd6+ Kxd6 40.
fxg6 fxg6 41. Ke3 Nf8 42. Ke4 Ne6 43. Nb5+ Kd7 44. f4 Nd8 45. f5 gxf5+ 46. Kxf5
Kc6 47. Ke4 Nf7 48. h4 Nd6+ 49. Nxd6 Kxd6 50. h5 Ke6 51. d5+ Kd6 52. h6 {Black
resigns} 1-0

[Event "Team 45 45 League T43"]
[Site "Internet Chess Club"]
[Date "2009.12.05"]
[Round "5"]
[White "blizzard13"]
[Black "Ernie1"]
[Result "0-1"]
[WhiteElo "1465"]
[BlackElo "1617"]
[Opening "Caro-Kann: Tartakower (fantasy) variation"]
[ECO "B12"]
[Time "09:00:26"]
[TimeControl "2700+45"]

1. e4 c6 2. d4 d5 3. f3 dxe4 4. fxe4 Nf6 5. Nc3 Bg4 6. Be2 Bxe2 7. Ngxe2 e6 8.
e5 Nd5 9. O-O Be7 10. a3 a5 11. Qd3 O-O 12. Qg3 f5 13. Bh6 Rf7 14. Rxf5 exf5 15.
e6 Kh8 16. exf7 gxh6 17. Qe5+ Nf6 18. Qxf5 Qd7 19. Qe5 Qd6 20. Qxd6 Bxd6 21. Rf1
Nbd7 22. Nf4 Bxf4 23. Rxf4 Kg7 24. h4 Rf8 25. g4 Nd5 26. Nxd5 cxd5 27. Rf5 Nb6
28. g5 hxg5 29. Rxg5+ Kxf7 30. Rf5+ Ke7 31. Rxf8 Kxf8 32. b3 Kf7 33. Kf2 Kf6 34.
Kf3 Kf5 35. a4 h5 36. c3 Nd7 37. c4 dxc4 38. bxc4 Nb6 39. c5 Nxa4 40. Ke3 Nc3
41. Kd3 Nd5 42. Kc4 Ke4 43. Kb5 Kxd4 {White resigns} 0-1

[Event "Team 45 45 League T43"]
[Site "Internet Chess Club"]
[Date "2009.11.27"]
[Round "5"]
[White "SneakyRed"]
[Black "toolate"]
[Result "0-1"]
[WhiteElo "1788"]
[BlackElo "1767"]
[Opening "Giuoco Piano"]
[ECO "C54"]
[Time "10:01:15"]
[TimeControl "2700+45"]

1. e4 e5 2. Nf3 Nc6 3. Bc4 Bc5 4. c3 Nf6 5. d3 O-O 6. O-O Re8 7. b4 Bb6 8. a4 a5
9. b5 Nb8 10. Qb3 Qe7 11. Be3 d6 12. Bxb6 cxb6 13. Nbd2 Nbd7 14. d4 Ng4 15. h3
Nh6 16. Rfe1 Nf8 17. g4 g5 18. Nf1 Ng6 19. Ng3 Nf4 20. Bf1 Be6 21. c4 Rac8 22.
dxe5 dxe5 23. Nxe5 Qc7 24. Qc3 f6 25. Nf3 Kf7 26. Nh5 Nxh5 27. gxh5 g4 28. Nd4
gxh3 29. Nxe6 Rg8+ 30. Kh1 Kxe6 31. Bxh3+ Ng4 32. Qf3 Qh2# {White checkmated}
0-1

[Event "Team 45 45 League T43"]
[Site "Internet Chess Club"]
[Date "2009.12.01"]
[Round "5"]
[White "MidasMulligan"]
[Black "Karpyan"]
[Result "1/2-1/2"]
[WhiteElo "1697"]
[BlackElo "1822"]
[Opening "French: Burn variation"]
[ECO "C11"]
[Time "15:00:22"]
[TimeControl "2700+45"]

1. e4 e6 2. d4 d5 3. Nc3 Nf6 4. Bg5 dxe4 5. Nxe4 Be7 6. Bxf6 Bxf6 7. Nf3 O-O 8.
Qd2 b6 9. O-O-O Bb7 10. Bd3 Nd7 11. g4 c5 12. dxc5 Nxc5 13. Qf4 Rc8 14. Nxf6+
Qxf6 15. Qxf6 gxf6 16. Be2 Ne4 17. Rd7 Nc5 18. Rdd1 Rfd8 19. Rxd8+ Rxd8 20. Rd1
Rxd1+ 21. Kxd1 Ne4 22. Ke1 Kf8 23. Nd2 Nc5 24. Bf3 Ba6 25. Ne4 Nd7 26. Nd2 Ne5
27. h3 Nxf3+ 28. Nxf3 Ke7 29. Kd2 Kd6 30. Ke3 h6 31. Nd4 Bf1 32. h4 a6 33. a4
Kd5 34. b3 a5 35. Nf3 Ba6 36. Nd4 Kc5 37. Nf3 Bb7 38. Nd4 Kb4 39. Nb5 Kc5 40.
Nd4 Bd5 41. Ne2 Kb4 42. Nf4 Kc3 43. Nxd5+ exd5 44. f4 Kxc2 45. h5 Kc3 46. Ke2
Kc2 47. Ke3 Kc3 48. Ke2 Kc2 49. Ke3 {Game drawn by repetition} 1/2-1/2

[Event "Team 45 45 League T43"]
[Site "Internet Chess Club"]
[Date "2009.11.29"]
[Round "5"]
[White "BraafPaard"]
[Black "bondguy01"]
[Result "0-1"]
[WhiteElo "1572"]
[BlackElo "1699"]
[Opening "King's Indian: London system"]
[ECO "A45"]
[Time "10:00:20"]
[TimeControl "2700+45"]

1. d4 Nf6 2. Bf4 g6 3. Nf3 Bg7 4. e3 d6 5. h3 O-O 6. Be2 c5 7. c4 cxd4 8. exd4
Qc7 9. O-O Qb6 10. b3 Nc6 11. Be3 Qc7 12. Nc3 Bf5 13. Bd3 Bxd3 14. Qxd3 Rfd8 15.
Rac1 Qd7 16. Rfd1 Rac8 17. d5 Nb4 18. Qd2 b6 19. a3 Na6 20. Nb5 Nc5 21. Bxc5
bxc5 22. Qa5 Rb8 23. Qxa7 Qxa7 24. Nxa7 Rxb3 25. Nb5 Ra8 26. Nd2 Rxb5 27. cxb5
Nxd5 28. Nc4 Nc3 29. Rxc3 Bxc3 30. b6 Rb8 31. a4 Kg7 32. a5 Bxa5 33. Nxa5 Rxb6
34. Nc4 Rb4 35. Ne3 Rb2 36. Nd5 e6 37. Nf4 d5 38. Nd3 Rb5 39. Rd2 c4 40. Rb2
Rxb2 41. Nxb2 Kf6 42. Kf1 Ke5 43. Ke2 Kd4 44. f4 h5 45. h4 f6 46. g3 e5 47. Nd1
e4 48. Kd2 f5 49. Ne3 c3+ 50. Ke2 Kc5 {White resigns} 0-1

[Event "Team 45 45 League T43"]
[Site "Internet Chess Club"]
[Date "2009.11.26"]
[Round "5"]
[White "vazir"]
[Black "DeLaSalle"]
[Result "1-0"]
[WhiteElo "1945"]
[BlackElo "1972"]
[Opening "French: Alapin variation"]
[ECO "C01"]
[Time "14:02:58"]
[TimeControl "2700+45"]

1. e4 e6 2. d4 d5 3. Be3 dxe4 4. Nd2 Nf6 5. f3 exf3 6. Ngxf3 Be7 7. Bd3 b6 8.
O-O Bb7 9. Qe1 Nd5 10. Ne5 Bf6 11. Ne4 Bxe5 12. dxe5 Nxe3 13. Qxe3 h6 14. Rad1
Qe7 15. Bb5+ Bc6 16. Bxc6+ Nxc6 17. Qc3 Nd8 18. Qg3 O-O 19. Rf4 Nc6 20. Rd7 Qxd7
21. Nf6+ Kh8 22. Nxd7 {Black resigns} 1-0

[Event "Team 45 45 League T43"]
[Site "Internet Chess Club"]
[Date "2009.11.25"]
[Round "5"]
[White "mcplayerus"]
[Black "vasek"]
[Result "0-1"]
[WhiteElo "1980"]
[BlackElo "1912"]
[Opening "Benkö gambit half accepted"]
[ECO "A57"]
[Time "14:04:15"]
[TimeControl "2700+45"]

1. d4 Nf6 2. c4 c5 3. d5 b5 4. cxb5 a6 5. b6 Qxb6 6. Nc3 d6 7. e4 g6 8. Nf3 Bg7
9. a4 O-O 10. h3 Nfd7 11. Be2 Ne5 12. Nd2 Nbd7 13. f4 Bf6 14. Nf1 Qb4 15. fxe5
Bxe5 16. Ra3 Bxc3+ 17. Rxc3 Qxe4 18. Kf2 Nb6 19. a5 Nxd5 20. Rc4 Qf5+ 21. Bf3
Be6 22. Ng3 Qf6 23. Ne4 Qe5 24. Nc3 Nxc3 25. Rxc3 Rab8 26. Re1 Qf6 27. Kg1 Rb4
28. Qe2 Rb5 29. Ra3 Qd4+ 30. Kh1 Qb4 31. Bc6 Rbb8 32. Re3 Bc4 33. Qf3 Qxa5 34.
Rxe7 Be6 35. Bh6 Qxe1+ 36. Kh2 Qe5+ 37. Bf4 Qd4 38. Bh6 Rfd8 39. Qf1 Rxb2 40.
Be8 Rf2 41. Qc1 Qe5+ 42. Kg1 Rxg2+ 43. Kxg2 Bd5+ 44. Kg1 Qxe7 45. Qa1 f6 46. Ba4
Qe5 47. Qc1 Qd4+ 48. Qe3 Qxe3+ 49. Bxe3 Kf7 50. Kf2 Ke6 51. Bf4 Rb8 52. Bc1 Ke5
53. Bh6 g5 54. Bd7 Rb2+ 55. Ke3 Be6 56. Bc6 Rb3+ 57. Kd2 Rxh3 58. Bf8 Rb3 59.
Bg7 h5 60. Kc2 h4 61. Kd2 h3 62. Ke2 g4 63. Kf2 g3+ 64. Kf1 Bc4+ 65. Kg1 Rb1#
{White checkmated} 0-1

[Event "Team 45 45 League T43"]
[Site "Internet Chess Club"]
[Date "2009.12.04"]
[Round "5"]
[White "avila"]
[Black "AronT"]
[Result "0-1"]
[WhiteElo "1771"]
[BlackElo "1991"]
[Opening "French: advance, Paulsen attack"]
[ECO "C02"]
[Time "18:12:19"]
[TimeControl "2700+45"]

1. e4 e6 2. d4 d5 3. e5 c5 4. c3 Nc6 5. Nf3 Qb6 6. a3 Nh6 7. b4 cxd4 8. cxd4 Nf5
9. Be3 Be7 10. Bd3 Nxe3 11. fxe3 f6 12. exf6 Bxf6 13. Nc3 Bd7 14. O-O O-O 15.
Na4 Qd8 16. Nc5 b6 17. Nb3 Qe8 18. Rc1 e5 19. dxe5 Nxe5 20. Bb1 Nxf3+ 21. Rxf3
Qe5 22. Qd3 g6 23. Rcf1 Rad8 24. Rg3 Bh4 25. Rgf3 Bf5 26. Qd4 Qxd4 27. exd4 Bxb1
28. Rxb1 Rxf3 29. gxf3 Rc8 30. Rc1 Rc4 31. Kf1 Bf6 32. Rxc4 dxc4 33. Nd2 b5 34.
d5 Bb2 35. a4 c3 36. Nb3 c2 37. d6 Kf7 38. Ke2 c1=Q 39. Nxc1 Bxc1 40. axb5 Ke6
41. Kd3 Kxd6 42. Ke4 Bd2 43. Kd4 Bxb4 44. Kc4 Bc5 45. Kd3 Kd5 46. h3 Bd6 47. Kc3
Kc5 48. Kd3 Kxb5 {White resigns} 0-1

[Event "Team 45 45 League T43"]
[Site "Internet Chess Club"]
[Date "2009.11.26"]
[Round "5"]
[White "Goli"]
[Black "soccerisfun"]
[Result "1-0"]
[WhiteElo "1780"]
[BlackElo "1522"]
[Opening "QP counter-gambit: Maroczy gambit"]
[ECO "C40"]
[Time "16:00:43"]
[TimeControl "2700+45"]

1. e4 e5 2. Nf3 d5 3. exd5 Bd6 4. Nc3 Nf6 5. d4 e4 6. Ne5 O-O 7. Bg5 h6 8. Bxf6
gxf6 9. Ng4 f5 10. Nxh6+ Kg7 11. Qh5 Qf6 12. Nxf5+ Bxf5 13. O-O-O Bg6 14. Qg4
Qe7 15. f4 f5 16. Qg3 Rh8 17. h4 Kf7 18. Be2 Bh5 19. Rde1 Bxe2 20. Rxe2 a6 21.
Nd1 b5 22. Ne3 Rh5 23. Qf2 Nd7 24. g3 Qf6 25. c3 a5 26. Rc2 b4 27. Qe2 bxc3 28.
Qxh5+ Ke7 29. Qh7+ Kd8 30. bxc3 Ba3+ 31. Kd2 Nb6 {Black resigns} 1-0

[Event "Team 45 45 League T43"]
[Site "Internet Chess Club"]
[Date "2009.11.29"]
[Round "5"]
[White "eurander"]
[Black "pebble767"]
[Result "1-0"]
[WhiteElo "2234"]
[BlackElo "2040"]
[Opening "Ruy Lopez: Worrall attack, sharp line"]
[ECO "C77"]
[Time "15:01:34"]
[TimeControl "2700+45"]

1. e4 e5 2. Nf3 Nc6 3. Bb5 a6 4. Ba4 Nf6 5. Qe2 b5 6. Bb3 Be7 7. O-O O-O 8. c3
d6 9. Rd1 Na5 10. Bc2 c5 11. d4 Qc7 12. d5 Ne8 13. b3 g6 14. Bh6 Ng7 15. Nbd2 f5
16. a4 Bd7 17. axb5 axb5 18. Bd3 c4 19. bxc4 fxe4 20. Qxe4 Bf5 21. Qe2 Bxd3 22.
Qxd3 bxc4 23. Qe2 Rfc8 24. Bxg7 Kxg7 25. Ne4 h6 26. Nxe5 dxe5 27. d6 Qd7 28.
dxe7 Qxe7 29. Rd5 Nb3 30. Rad1 Rc7 31. g3 Rf8 32. Rd6 h5 33. h4 Rf5 34. R1d5 Nc1
35. Qc2 Nd3 36. Qa4 Kh6 37. Rd7 Rxd7 38. Rxd7 Qf8 39. Qa7 Qg8 40. Ng5 Rxg5 41.
hxg5+ Kxg5 42. Qe3+ Kg4 43. Kg2 Qe8 44. Rd6 Qa8+ 45. Kh2 Kf5 46. Qh6 Qg8 47. Qe3
Qa8 48. Qb6 Qg8 49. Rf6+ Kg5 50. Qd6 Qg7 51. Rf8 {Black resigns} 1-0

[Event "Team 45 45 League T43"]
[Site "Internet Chess Club"]
[Date "2009.12.01"]
[Round "5"]
[White "Chessrascal"]
[Black "pestka"]
[Result "0-1"]
[WhiteElo "2099"]
[BlackElo "2260"]
[Opening "Sicilian: closed, 6.f4"]
[ECO "B25"]
[Time "15:31:13"]
[TimeControl "2700+45"]

1. e4 c5 2. Nc3 Nc6 3. g3 g6 4. Bg2 Bg7 5. d3 d6 6. f4 e6 7. Nf3 Nge7 8. O-O O-O
9. Ne2 b5 10. h3 Rb8 11. g4 b4 12. g5 Nd4 13. Nexd4 cxd4 14. h4 e5 15. fxe5 dxe5
16. Nh2 Qc7 17. Rf2 Rb6 18. Bd2 f5 19. gxf6 Rfxf6 20. Rxf6 Bxf6 21. Qf3 Qxc2 22.
Bxb4 Qxb2 23. Rf1 Qxb4 24. h5 Qd2 25. hxg6 Nxg6 26. Ng4 Nf4 27. Rf2 Qe1+ 28. Kh2
Bg7 29. Rc2 Bxg4 {White disconnected and forfeits} 0-1

[Event "Team 45 45 League T43"]
[Site "Internet Chess Club"]
[Date "2009.11.27"]
[Round "5"]
[White "awb"]
[Black "Dan777"]
[Result "1-0"]
[WhiteElo "1760"]
[BlackElo "1865"]
[Opening "Scandinavian (center counter) defense"]
[ECO "B01"]
[Time "18:03:38"]
[TimeControl "2700+45"]

1. e4 d5 2. exd5 Qxd5 3. Nc3 Qa5 4. d4 c6 5. Nf3 Nf6 6. Bc4 Bf5 7. Bd2 e6 8. O-O
Nbd7 9. Qe2 Qc7 10. Rfe1 Bd6 11. Ne5 O-O 12. Bf4 a6 13. Bd3 Bxd3 14. Qxd3 Rad8
15. Qf3 c5 16. Nxd7 Nxd7 17. Bxd6 Qxd6 18. d5 e5 19. Rad1 f5 20. Ne2 b5 21. b3
b4 22. c4 bxc3 23. Nxc3 e4 24. Qg3 Nf6 25. Qxd6 Rxd6 26. Re2 Rfd8 27. Red2 g5
28. Na4 Rxd5 29. Rxd5 Rxd5 30. Rxd5 Nxd5 31. Nxc5 a5 32. Nb7 Nc3 33. a4 Kf7 34.
Nxa5 Ke6 35. Kf1 Kd5 36. Ke1 Kc5 37. Kd2 Kb4 38. Nc6+ Kxb3 39. a5 Nb5 40. a6 Kc4
41. a7 Nc7 42. Ke3 Kd5 43. Nb4+ Ke5 44. f3 f4+ 45. Ke2 e3 46. Kd3 Kd6 47. g3 Kc5
48. Na6+ {Black resigns} 1-0

[Event "Team 45 45 League T43"]
[Site "Internet Chess Club"]
[Date "2009.11.29"]
[Round "5"]
[White "penguinmasta"]
[Black "tourettes"]
[Result "1-0"]
[WhiteElo "1634"]
[BlackElo "1624"]
[Opening "French: Tarrasch, open, 4.ed ed"]
[ECO "C08"]
[Time "13:14:21"]
[TimeControl "2700+45"]

1. e4 e6 2. d4 d5 3. Nd2 c5 4. exd5 exd5 5. Ngf3 Nf6 6. Bb5+ Bd7 7. Bxd7+ Nbxd7
8. O-O Be7 9. dxc5 Nxc5 10. Re1 O-O 11. Nf1 Nce4 12. Ng5 Re8 13. Nxe4 Nxe4 14.
Be3 Bf6 15. Bd4 Rc8 16. Ne3 b6 17. f3 Ng5 18. Bxf6 Qxf6 19. Qxd5 Rcd8 20. Ng4
Qg6 21. Rxe8+ Rxe8 22. h4 Ne6 23. Qd7 Rd8 24. Qxa7 Nf4 25. Qc7 Re8 26. Qxf4 h5
27. Ne5 Qe6 28. Nd3 Qc6 29. Re1 Rd8 30. Ne5 Qc5+ 31. Kh2 Qf2 32. Qxf7+ Kh8 33.
Qxh5+ Kg8 34. Nd3 Qxc2 35. Re8+ Rxe8 36. Qxe8+ Kh7 37. Qe4+ Kg8 38. h5 Qc7+ 39.
f4 Qd8 40. Kh3 Qd7+ 41. f5 Qf7 42. Qe6 {Black resigns} 1-0

[Event "Team 45 45 League T43"]
[Site "Internet Chess Club"]
[Date "2009.11.30"]
[Round "5"]
[White "eurander"]
[Black "Uwak"]
[Result "0-1"]
[WhiteElo "2224"]
[BlackElo "2386"]
[Opening "Sicilian: Alapin's variation (2.c3)"]
[ECO "B22"]
[Time "02:07:24"]
[TimeControl "2700+45"]

1. e4 c5 2. c3 Nf6 3. e5 Nd5 4. d4 cxd4 5. cxd4 e6 6. Nf3 d6 7. Bc4 Nc6 8. O-O
Be7 9. Qe2 O-O 10. Re1 Bd7 11. Nc3 Nxc3 12. bxc3 d5 13. Bd3 Rc8 14. Bc2 Na5 15.
Qd3 g6 16. Bh6 Re8 17. Rab1 Qc7 18. Bd2 Nc4 19. Bc1 Na5 20. Bd2 a6 21. Bb3 Bb5
22. Qc2 Nc4 23. Bc1 Qa5 24. a4 Bd7 25. Ra1 Rc7 26. Nd2 b5 27. Bxc4 bxc4 28. Ba3
Bxa3 29. Rxa3 Rb7 30. Rb1 Reb8 31. Rxb7 Rxb7 32. h3 Qd8 33. Ra2 a5 34. Qc1 Qg5
35. Qa3 Qf5 36. Rb2 Rxb2 37. Qxb2 Kg7 38. Qb6 Qc2 39. Qd8 Qxa4 40. Nf3 h6 41. g3
Be8 42. Kg2 Qb5 43. Nh2 h5 44. Nf3 a4 45. Qe7 Qd7 46. Qa3 Qb7 47. Nd2 Bc6 48. h4
Qb8 49. Kh2 Qd8 50. Nf3 Qf8 51. Qa1 a3 52. Ne1 Ba4 53. Qb1 Qa8 {White resigns}
0-1

[Event "Team 45 45 League T43"]
[Site "Internet Chess Club"]
[Date "2009.12.01"]
[Round "5"]
[White "nardz"]
[Black "NFork"]
[Result "1-0"]
[WhiteElo "2093"]
[BlackElo "2223"]
[Opening "Queen's pawn: Torre attack"]
[ECO "A45"]
[Time "10:00:33"]
[TimeControl "2700+45"]

1. d4 Nf6 2. Bg5 e6 3. Nf3 c5 4. e3 b6 5. Bd3 Bb7 6. O-O Be7 7. c4 O-O 8. Nc3
cxd4 9. Nxd4 Na6 10. Rc1 h6 11. Bh4 Nc5 12. Bb1 Nfe4 13. Bxe7 Qxe7 14. Nxe4 Bxe4
15. Bxe4 Nxe4 16. a3 Rac8 17. f3 Nf6 18. b4 d5 19. Qb3 e5 20. Ne2 dxc4 21. Rxc4
Qe6 22. Rfc1 b5 23. R4c3 Qxb3 24. Rxb3 Rxc1+ 25. Nxc1 Rc8 26. Nd3 e4 27. Nc5
exf3 28. gxf3 Kf8 29. Rd3 Ke7 30. Kf2 a5 31. e4 axb4 32. axb4 Rd8 33. Rxd8 Kxd8
34. Ke3 Kc7 35. Kd4 Nh7 36. f4 Nf8 37. f5 Nh7 38. e5 Ng5 39. Kd5 Kd8 40. Kd6 Ke8
41. e6 fxe6 42. fxe6 Nh7 43. Na6 Nf6 44. Nc7+ Kf8 45. Nxb5 g5 46. Nc7 h5 47. b5
Ne4+ 48. Kd7 Nc5+ 49. Kc6 Nb3 50. Kd6 {Black resigns} 1-0

[Event "Team 45 45 League T43"]
[Site "Internet Chess Club"]
[Date "2009.12.01"]
[Round "5"]
[White "pentti63"]
[Black "PaulKaspar"]
[Result "1/2-1/2"]
[WhiteElo "2238"]
[BlackElo "1907"]
[Opening "QGA: 4...e6"]
[ECO "D26"]
[Time "10:18:44"]
[TimeControl "2700+45"]

1. d4 d5 2. Nf3 Nf6 3. c4 dxc4 4. e3 e6 5. Bxc4 Bd6 6. O-O O-O 7. Nc3 c5 8. Qe2
Nc6 9. a3 cxd4 10. exd4 Na5 11. Ba2 b6 12. Bg5 Bb7 13. b4 Nc6 14. d5 exd5 15.
Nxd5 Re8 16. Qb2 Ne5 17. Nh4 Bxd5 18. Bxd5 Rc8 19. Rad1 h6 20. Bf4 Nxd5 21. Rxd5
Qf6 22. Qd4 Qxh4 23. Rxd6 Ng6 24. Bg3 Qxd4 25. Rxd4 Rc3 26. a4 Ra3 27. b5 Nf8
28. h3 Ne6 29. Rc4 Nc5 30. Bd6 Rxa4 31. Rxa4 Nxa4 32. Rc1 Rd8 33. Rc6 g6 34. f4
h5 35. g4 hxg4 36. hxg4 Nb2 37. Kh2 Nc4 38. Be7 Rd4 39. Bf6 Rd2+ 40. Kh3 Rd3+
41. Kh4 Nd6 42. Rc7 Ne8 43. Rc8 Kf8 44. Ra8 Ra3 45. Bd8 Ra1 46. Kg5 Rd1 47. Bf6
Rd5+ 48. f5 gxf5 49. gxf5 Rxb5 50. Rxa7 Ra5 51. Rd7 Ra2 52. Rd8 Rg2+ 53. Kf4
Rf2+ 54. Ke4 Re2+ 55. Kf3 Re1 56. Rb8 Rf1+ 57. Ke4 Re1+ 58. Kd3 Rd1+ 59. Ke3
Re1+ 60. Kf2 Rb1 61. Bd4 Rb4 62. Ke3 Ke7 63. Bxb6 Rb3+ 64. Kd4 Rb4+ 65. Kd5 Nf6+
66. Kc6 Rc4+ 67. Kb5 Nd7 68. Bd8+ Kd6 69. Kxc4 {Game drawn by mutual agreement}
1/2-1/2

[Event "Team 45 45 League T43"]
[Site "Internet Chess Club"]
[Date "2009.11.29"]
[Round "5"]
[White "Gwyddbwyll"]
[Black "Gil-galad"]
[Result "1/2-1/2"]
[WhiteElo "1894"]
[BlackElo "2100"]
[Opening "Sicilian: Smith-Morra gambit"]
[ECO "B21"]
[Time "05:00:24"]
[TimeControl "2700+45"]

1. e4 c5 2. d4 cxd4 3. c3 dxc3 4. Nxc3 Nc6 5. Nf3 d6 6. Bc4 a6 7. O-O Nf6 8. Qe2
Bg4 9. h3 Bxf3 10. Qxf3 Ne5 11. Qe2 Nxc4 12. Qxc4 e6 13. Bg5 Be7 14. Rfd1 Rc8
15. Qb3 Qc7 16. Rac1 Qb8 17. Qa4+ Rc6 18. Bxf6 gxf6 19. Ne2 O-O 20. Rxc6 bxc6
21. Qxc6 Qxb2 {Game drawn by mutual agreement} 1/2-1/2

[Event "Team 45 45 League T43"]
[Site "Internet Chess Club"]
[Date "2009.11.29"]
[Round "5"]
[White "ChatBanned"]
[Black "Kolibri"]
[Result "1-0"]
[WhiteElo "2302"]
[BlackElo "2110"]
[Opening "Nimzo-Indian: classical, Noa variation, 5.cd ed"]
[ECO "E35"]
[Time "07:00:37"]
[TimeControl "2700+45"]

1. d4 Nf6 2. c4 e6 3. Nc3 Bb4 4. Qc2 d5 5. cxd5 exd5 6. Bg5 O-O 7. e3 Re8 8. Bd3
h6 9. Bh4 c5 10. Ne2 Nc6 11. O-O cxd4 12. Bxf6 Qxf6 13. Nxd5 Qe5 14. e4 Bd6 15.
f4 Qh5 16. Ng3 Qh4 17. e5 Be6 18. Nf5 Bxf5 19. Bxf5 Nb4 20. Qc4 Nxd5 21. Qxd5
Bc7 22. Qxb7 Bb6 23. Bd3 Qe7 24. Qe4 g6 25. Rae1 f5 26. Qc6 Kg7 27. Rf3 Rac8 28.
Qa4 Qe6 29. Rg3 Kh7 30. b3 Re7 31. Kf1 Qc6 32. Qxc6 Rxc6 33. Bc4 Kg7 34. Rd3
Rec7 35. Ke2 Re7 36. Kf3 h5 37. g3 Rc8 38. Re2 Rh8 39. h3 Rd8 40. Rg2 Rh8 41.
Rd1 Kf8 42. Rc2 Rc7 43. Rdc1 Ke7 44. Ba6 Rxc2 45. Rxc2 Rd8 46. Ke2 Rd5 47. b4 g5
48. Kd3 Rd8 49. fxg5 h4 50. gxh4 Rh8 51. g6 Rxh4 52. Rg2 Rxh3+ 53. Kd2 d3 54. g7
Be3+ 55. Kc3 d2 56. g8=Q Bh6+ 57. Kc2 Rh1 58. Qh7+ Ke6 59. Rxd2 {Black resigns}
1-0

[Event "Team 45 45 League T43"]
[Site "Internet Chess Club"]
[Date "2009.11.27"]
[Round "5"]
[White "Monsoon-Smith"]
[Black "TimM"]
[Result "1/2-1/2"]
[WhiteElo "2042"]
[BlackElo "2260"]
[Opening "Neo-Grünfeld, 6.cd Nxd5, 7.O-O"]
[ECO "D74"]
[Time "20:00:19"]
[TimeControl "2700+45"]

1. d4 Nf6 2. c4 g6 3. g3 d5 4. Bg2 Bg7 5. Nf3 O-O 6. cxd5 Nxd5 7. O-O Bf5 8.
Nbd2 Nb6 9. e4 Bg4 10. d5 c6 11. h3 Bd7 12. Nb3 cxd5 13. exd5 Bb5 14. Re1 Nxd5
15. Nfd4 Ba6 16. Nc5 Nc7 17. Be3 e5 18. Ndb3 Nc6 19. Nxa6 Nxa6 20. Qe2 Qf6 21.
h4 h6 22. Rac1 Rfc8 23. Qb5 Rc7 24. Rc4 Rac8 25. Bh3 Rd8 26. Rec1 Nab8 27. Na5
Nd4 28. Bxd4 Rxc4 29. Nxc4 exd4 30. Qxb7 Nc6 31. Bg2 Ne5 32. Nxe5 Qxe5 33. Rc8
Rxc8 34. Qxc8+ Bf8 {Game drawn by mutual agreement} 1/2-1/2

[Event "Team 45 45 League T43"]
[Site "Internet Chess Club"]
[Date "2009.11.27"]
[Round "5"]
[White "fledermaus"]
[Black "Uragon-bocho"]
[Result "1-0"]
[WhiteElo "2003"]
[BlackElo "2005"]
[Opening "QGD: 4.Bg5 Be7"]
[ECO "D53"]
[Time "11:01:48"]
[TimeControl "2700+45"]

1. d4 Nf6 2. c4 e6 3. Nc3 d5 4. Bg5 Be7 5. e3 a6 6. cxd5 exd5 7. Bd3 Bg4 8. Qb3
Qc8 9. Bxf6 Bxf6 10. Nxd5 Bd8 11. Qc2 h6 12. Ne2 O-O 13. O-O c6 14. Ndc3 Bc7 15.
Ng3 a5 16. Kh1 Na6 17. Bf5 Bxf5 18. Qxf5 Qd8 19. Rfd1 Nb4 20. d5 cxd5 21. a3 Nc6
22. Rxd5 Qh4 23. Qh3 Bxg3 24. Qxg3 Qc4 25. Rad1 Rab8 26. e4 Ne7 27. Qd3 Qb3 28.
Rb5 Qe6 29. Kg1 b6 30. Qd6 Rfd8 31. Qxe6 Rxd1+ 32. Nxd1 fxe6 33. Kf1 Kf7 34. Nc3
Kf6 35. Na4 Nc8 36. Ke2 Ke7 37. f4 Kd7 38. Rb3 Kc6 39. Rc3+ Kb5 40. b3 Nd6 41.
Ke3 Rb7 42. g4 Rf7 43. e5 Nb7 44. Rc8 Rd7 45. Nc3+ {Black resigns} 1-0

[Event "Team 45 45 League T43"]
[Site "Internet Chess Club"]
[Date "2009.11.29"]
[Round "5"]
[White "noHz"]
[Black "Zornorph"]
[Result "0-1"]
[WhiteElo "2105"]
[BlackElo "2102"]
[Opening "Budapest: Rubinstein variation"]
[ECO "A52"]
[Time "13:01:13"]
[TimeControl "2700+45"]

1. d4 Nf6 2. c4 e5 3. dxe5 Ng4 4. Bf4 Bb4+ 5. Nd2 f6 6. e3 Bxd2+ 7. Kxd2 Nxf2 8.
Qh5+ g6 9. Qh4 Nxh1 10. Nf3 Nf2 11. Qxf2 O-O 12. exf6 Qxf6 13. Ke1 d6 14. Rd1
Nc6 15. Bg5 Qf5 16. Bh6 Rf7 17. Bd3 Qa5+ 18. Ke2 Ne5 19. Qh4 Bg4 20. Be4 Qxa2
21. Bd5 c6 22. Bxf7+ Kxf7 23. Ke1 Bxf3 24. Qf4+ Kg8 25. gxf3 Nf7 26. Rxd6 Nxh6
27. Qxh6 Qb1+ 28. Kf2 Qxb2+ 29. Kg1 Qb1+ 30. Kg2 Qc2+ 31. Kg3 Qf5 32. f4 Re8 33.
Kf2 Qc2+ 34. Kf1 Qxc4+ 35. Kf2 Qc2+ 36. Kf1 Qb1+ 37. Kf2 Qf5 38. Qh4 Qc5 39. Rd4
Qc3 40. Qh3 Qc2+ 41. Kf1 Qf5 42. Qf3 a5 43. Qf2 Qh3+ 44. Ke2 Qe6 45. Kf3 b5 46.
e4 c5 47. Rd2 Qxe4+ 48. Kg3 Qe3+ {White resigns} 0-1

[Event "Team 45 45 League T43"]
[Site "Internet Chess Club"]
[Date "2009.11.27"]
[Round "5"]
[White "Pason"]
[Black "screamingeagle"]
[Result "0-1"]
[WhiteElo "2101"]
[BlackElo "2045"]
[Opening "Dutch"]
[ECO "A87"]
[Time "12:00:23"]
[TimeControl "2700+45"]

1. d4 f5 2. Nf3 Nf6 3. g3 g6 4. Bg2 Bg7 5. O-O O-O 6. c4 d6 7. Nc3 Qe8 8. d5 Na6
9. Rb1 Nh5 10. Nd4 f4 11. Ne4 h6 12. b4 Bf5 13. Nxf5 gxf5 14. Nd2 fxg3 15. hxg3
Qg6 16. e3 Kh7 17. Bb2 Rf7 18. Nf3 Rg8 19. Nh4 Qg5 20. f4 Nxf4 21. exf4 Qxg3 22.
Qe1 Bxb2 23. Rxb2 Qd3 24. Qe2 Qd4+ 25. Kh2 Rg4 26. Rd2 Rxh4+ 27. Bh3 Qf6 28. a3
Rg7 29. Rf3 Nb8 30. Qf2 b6 31. Re2 Nd7 32. Re6 Qa1 33. Re1 Qf6 34. Re6 Qa1 35.
Rg3 Rxh3+ 36. Rxh3 Nf6 37. Rg3 Ng4+ 38. Rxg4 fxg4 39. Qe2 Qxa3 40. Re3 Qxb4 41.
Rxe7 Qc3 42. Qe4+ Kh8 43. Re8+ Rg8 44. Rxg8+ Kxg8 45. Qe8+ Kh7 46. Qf7+ Qg7 47.
Qf5+ Kh8 48. Qc8+ Qg8 49. Qxc7 Qf8 50. Kg3 h5 51. Qxa7 Qf6 52. Qxb6 Qc3+ 53. Kh4
Qe1+ 54. Kxh5 g3 55. Qd8+ Kh7 56. Qd7+ Kg8 57. Kh6 Qh1+ 58. Kg6 Qe4+ 59. Kg5 g2
60. Qd8+ Kf7 61. Qf6+ Ke8 62. Qh8+ Kd7 63. Qh3+ Kd8 64. Qh2 Qe7+ 65. Kf5 Qf7+
66. Ke4 Qg6+ 67. f5 g1=Q 68. Qh8+ Qg8 69. Qf6+ Kd7 {White resigns} 0-1

[Event "Team 45 45 League T43"]
[Site "Internet Chess Club"]
[Date "2009.11.28"]
[Round "5"]
[White "Colombiano07"]
[Black "kingcapture"]
[Result "1-0"]
[WhiteElo "2160"]
[BlackElo "2304"]
[Opening "King's Indian: Averbakh system"]
[ECO "E73"]
[Time "18:58:08"]
[TimeControl "2700+45"]

1. d4 Nf6 2. c4 g6 3. Nc3 Bg7 4. e4 d6 5. Be2 O-O 6. Bg5 Na6 7. Nf3 h6 8. Bh4 c6
9. O-O g5 10. Bg3 Nh5 11. a3 Nxg3 12. hxg3 Nc7 13. b4 Ne6 14. Rc1 a5 15. d5 axb4
16. axb4 Nc7 17. dxc6 bxc6 18. Nd4 Bd7 19. Nb3 Qb8 20. b5 cxb5 21. c5 Ne6 22.
cxd6 exd6 23. Nd5 Re8 24. Bg4 Ra7 25. Qf3 Qd8 26. Bh5 Rf8 27. Ne3 Ra3 28. Qd1
Qa8 29. Qxd6 Rxb3 30. Qxd7 Qxe4 31. Rfe1 Nd4 32. Nd5 Qd3 33. Re8 Kh8 34. Rcc8
Ne6 35. Qxf7 Rb1+ 36. Kh2 Qf1 37. Rxf8+ Nxf8 38. Rxf8+ Bxf8 39. Qxf8+ Kh7 40.
Nf6# {Black checkmated} 1-0